AoeStats
← THAIR

Hideout

508669476Analyzed
1v1 RM · 10d ago on Sep 23, 2026· 45m 56s· 2 players
Game mode
Random Map
Map size
Tiny (2 player)
Population
200
Speed
Normal
Resources
Standard
Victory
Conquest
Starting age
Dark Age
Ending age
Imperial Age
RankedLock teamsTeams togetherTeam positionsShared explorationLock speedFull tech treeHidden civsTurbo modeCheats
Victory
Defeat
🇺🇸 Danes · United States
466
+13
🇮🇳 Burgundians · India
408
-13
LordRD
1:41 Loom
4:01 Wheelbarrow
5:14 Double-Bit Axe
10:59 Horse Collar
14:44 Feudal Age
16:03 Hand Cart
15:34 Town Watch
17:03 Bow Saw
19:07 Heavy Plow
21:57 Stone Mining
22:06 Gold Mining
24:31 Castle Age
33:47 Husbandry
37:41 Murder Holes
43:47 Two-Man Saw
42:20 Cavalier
THAIR
5:16 Loom
12:08 Feudal Age
13:48 Wheelbarrow
12:58 Town Watch
13:56 Horse Collar
14:39 Double-Bit Axe
14:49 Man-at-Arms
15:15 Arson
17:31 Gold Mining
18:31 Stone Mining
21:05 Scale Mail Armor
21:16 Forging
24:30 Castle Age
25:03 Gambesons
24:39 Long Swordsman
25:20 Squires
26:59 Bow Saw
28:00 Gold Shaft Mining
28:01 Stone Shaft Mining
32:29 Ballistics
32:05 Murder Holes
32:22 Masonry
33:47 Iron Casting
33:03 Fletching
33:29 Chain Mail Armor
39:05 Heavy Plow
43:32 Imperial Age
41:30 Hand Cart
41:55 Bodkin Arrow
42:54 Town Patrol
43:22 Hamask
44:45 Plate Mail Armor
45:16 Blast Furnace
43:42 Two-Handed Swordsman
45:12 Elite Jomsviking
46:13 Conscription
Connection lost

Rejoining the realm…

Still unreachable

The connection could not be restored.

Session expired

The server has moved on; the page needs a fresh start.